WINNIPEG vs TORONTO

Created - Saturday, April 21, 2018 at 12:41

Goals
1 2 3 T
WINNIPEG 1 1 0 2
TORONTO 0 4 0 4
Shots
1 2 3 T
WINNIPEG 10 11 13 34
TORONTO 10 19 3 32

1st period

1. WINNIPEG , Patrick Marleau 23 (Sidney Crosby 59, Cam Atkinson 40) at 4:22

Penalties :
Jake Dotchin (TOR) for Roughing (Minor) at 1:16, Jake Dotchin (TOR) for Slashing (Minor) at 5:29, Nino Niederreiter (TOR) for Tripping (Minor) at 12:13

2nd period

2. WINNIPEG , Patrick Eaves 32 (Nick Holden 41, Bo Horvat 58) at 1:38
3. TORONTO , Nino Niederreiter 15 (Mark Scheifele 50, Jake Dotchin 3) at 3:57
4. TORONTO , Mark Scheifele 25 (Kevin Labanc 5, Brayden Point 27) at 5:57
5. TORONTO , Joshua Morrissey 12 (Nino Niederreiter 39, Cody Franson 16) at 9:03
6. TORONTO , Joshua Morrissey 13 (Brayden Point 28) at 11:21

Penalties :
Joshua Morrissey (TOR) for Roughing (Minor) at 3:01, Alexander Ovechkin (WPG) for Holding (Minor) at 3:01, Mark Scheifele (TOR) for Roughing (Minor) at 9:08, Michal Neuvirth (TOR) for Slashing (Minor) at 11:31 - Mark Borowiecki served the penalty., Alexander Edler (WPG) for Hooking (Minor) at 15:20, Alexander Edler (WPG) for Hooking (Minor) at 18:40

3rd period

No Goal

Penalties :
Olli Maatta (TOR) for Tripping (Minor) at 10:30, Matt Hendricks (TOR) for Hooking (Minor) at 15:05

Goalie Stats

Jimmy Howard (WPG), 28 saves from 32 shots - (0.875), L, 15-9-1, 60:00 minutes
Michal Neuvirth (TOR), 32 saves from 34 shots - (0.941), W, 14-15-2, 60:00 minutes

Players Stats for WINNIPEG

Player Name              G  A  P  +/- PIM S  H  SB GA TA FO     MP     PP MP  PK MP  
------------------------------------------------------------------------------------
Alexander Edler          0  0  0  -1  4   2  1  3  0  0  0/0    23:17   9:15   0:00 
Alexander Ovechkin       0  0  0   0  2   4  1  0  0  0  1/2    19:26   9:09   0:00 
Bo Horvat                0  1  1   0  0   1  0  0  0  0  13/21  17:53   6:46   0:28 
Brandon Sutter           0  0  0   0  0   1  1  0  0  0  7/11   11:25   0:00   3:30 
Cam Atkinson             0  1  1  -1  0   5  0  1  0  0  1/2    22:07   7:07   0:00 
Christopher Tanev        0  0  0  -1  0   1  0  2  0  0  0/0    15:19   0:00   2:21 
Clayton Stoner           0  0  0  -1  0   0  2  2  0  0  0/0    15:16   0:00   2:18 
Jannik Hansen            0  0  0  -1  0   1  1  0  0  0  0/0     8:35   0:00   0:00 
Matt Hunwick             0  0  0  -1  0   0  0  1  0  0  0/0    14:44   0:06   1:40 
Matt Moulson             0  0  0  -1  0   2  0  0  0  0  0/0     8:35   0:00   0:00 
Nic Dowd                 0  0  0  -1  0   0  0  0  0  0  3/7     8:35   0:00   0:00 
Nick Holden              0  1  1   0  0   2  0  0  0  0  0/0    21:22   4:38   1:37 
Patrick Eaves            1  0  1   0  0   3  0  1  0  0  2/3    17:25   6:46   0:00 
Patrick Marleau          1  0  1   0  0   5  1  0  0  0  0/0    20:29   7:07   0:00 
Pierre-Alexandre Parente 0  0  0   0  0   0  2  0  0  0  0/0     8:23   0:00   0:28 
Sidney Crosby            0  1  1  -1  0   5  3  0  0  0  19/33  22:07   7:07   0:00 
Sven Baertschi           0  0  0  -1  0   1  1  0  0  0  0/1    18:52   6:46   3:30 
Troy Stecher             0  0  0   1  0   1  0  1  0  0  0/0    20:10   4:38   0:00 

Players Stats for TORONTO

Player Name              G  A  P  +/- PIM S  H  SB GA TA FO     MP     PP MP  PK MP  
------------------------------------------------------------------------------------
Ales Hemsky              0  0  0   0  0   3  0  0  0  0  0/0    10:42   0:00   4:31 
Brayden Point            0  2  2   2  0   3  1  1  0  0  1/2    14:58   2:08   0:00 
Cody Franson             0  1  1   2  0   0  0  0  0  0  0/0    15:33   0:00   0:45 
Drake Caggiula           0  0  0   0  0   2  1  0  0  0  1/1    15:09   0:00   2:16 
Jake Dotchin             0  1  1   1  4   2  2  3  0  0  0/0    22:34   2:30   6:11 
Jarome Iginla            0  0  0  -1  0   2  1  0  0  0  0/0    10:06   1:50   0:00 
Joshua Morrissey         2  0  2   2  2   2  2  2  0  0  0/0    24:54   2:30   7:09 
Kevin Labanc             0  1  1   2  0   2  0  1  0  0  1/1    12:50   0:00   0:00 
Mark Borowiecki          0  0  0  -1  0   0  2  1  0  0  0/0    18:05   0:00   5:57 
Mark Scheifele           1  1  2   3  2   7  0  0  0  0  9/21   19:51   2:08   3:45 
Matt Hendricks           0  0  0  -1  2   1  3  0  0  0  1/6    16:41   1:50   6:36 
Michal Kempny            0  0  0   0  0   1  1  0  0  0  0/0    17:42   1:28   2:56 
Nino Niederreiter        1  1  2   1  2   4  1  0  0  0  0/2    16:09   2:08   0:00 
Olli Maatta              0  0  0   0  2   2  2  0  0  0  0/0    21:08   1:28   4:48 
Ondrej Kase              0  0  0  -1  0   0  0  0  0  0  0/0     8:46   0:00   0:30 
Pierre-Edouard Bellemare 0  0  0   0  0   0  0  0  0  0  10/23  15:44   0:00   8:43 
Ryan White               0  0  0   0  0   0  0  0  0  0  0/0     7:36   0:00   1:25 
Victor Rask              0  0  0   0  0   1  0  0  0  0  11/24  15:33   1:50   0:00 
Vincent Hinostroza       0  0  0   0  0   0  0  0  0  0  0/0     0:00   0:00   0:00 

3 Stars

1 - Joshua Morrissey (TOR)
2 - Mark Scheifele (TOR)
3 - Brayden Point (TOR)

Power Play

WINNIPEG - 0 on 7 Attempt(s) - 0.00%
TORONTO - 0 on 2 Attempt(s) - 0.00%

Penalty Kill

WINNIPEG - 2 on 2 Attempt(s) - 100.00% - Score 0 goal in Penalty Kill
TORONTO - 7 on 7 Attempt(s) - 100.00% - Score 0 goal in Penalty Kill

Team Stat

WINNIPEG - Hits : 13 - Faceoff Wins : 46 - Blocked Shots : 11 - Penalty Minutes : 6
TORONTO - Hits : 16 - Faceoff Wins : 34 - Blocked Shots : 8 - Penalty Minutes : 16

Official

Referees : Unknown
Linesman : Unknown

Game Notes

No Game Note

Finance

Level 1 -- Attendance: 6000 (100.00%) -- Ticket Income $408,000
Level 2 -- Attendance: 4871 (97.42%) -- Ticket Income $267,905
Level 3 -- Attendance: 2000 (100.00%) -- Ticket Income $62,000
Level 4 -- Attendance: 2727 (68.18%) -- Ticket Income $59,994
Luxury Box -- Attendance: 1000 (100.00%) -- Ticket Income $135,000
Game was played at the Air Canada Center.
Total Attendance: 16598 (92.21%)
Total Ticket Income: $932,899
Total Income: $932,899

WINNIPEG

5 vs 5 Forward 
   Center                   Left Wing                Right Wing               Time % Phy DF OF 
 1 Sidney Crosby            Patrick Marleau          Cam Atkinson             35     0   2  3  
 2 Bo Horvat                Patrick Eaves            Alexander Ovechkin       30     0   2  3  
 3 Brandon Sutter           Sven Baertschi           Pierre-Alexandre Parentea25     1   2  2  
 4 Nic Dowd                 Matt Moulson             Jannik Hansen            10     1   2  2  

5 vs 5 Defense 
   Defense                  Defense                                           Time % Phy DF OF 
 1 Alexander Edler          Christopher Tanev                                 35     1   2  2  
 2 Nick Holden              Troy Stecher                                      30     1   2  2  
 3 Clayton Stoner           Matt Hunwick                                      25     1   2  2  
 4 Alexander Edler          Christopher Tanev                                 10     1   2  2  

PowerPlay Forward 
   Center                   Left Wing                Right Wing               Time % Phy DF OF 
 1 Sidney Crosby            Patrick Marleau          Cam Atkinson             60     1   2  2  
 2 Bo Horvat                Sven Baertschi           Patrick Eaves            40     1   2  2  

PowerPlay Defense
   Defense                  Defense                                           Time % Phy DF OF 
 1 Alexander Ovechkin       Alexander Edler                                   60     1   2  2  
 2 Nick Holden              Troy Stecher                                      40     1   2  2  

Penalty Kill 4 Players Forward 
   Center                   Wing                     Time % Phy DF OF 
 1 Brandon Sutter           Sven Baertschi           60     1   2  2  
 2 Bo Horvat                Pierre-Alexandre Parentea40     1   2  2  

Penalty Kill 4 Players Defense
   Defense                  Defense                  Time % Phy DF OF 
 1 Christopher Tanev        Alexander Edler          60     1   2  2  
 2 Matt Hunwick             Nick Holden              40     1   2  2  

Penalty Kill - 3 Players Forward 
   Forward                                           Time % Phy DF OF 
 1 Bo Horvat                                         60     1   2  2  
 2 Brandon Sutter                                    40     1   2  2  

Penalty Kill - 3 Players Defense
   Defense                  Defense                  Time % Phy DF OF 
 1 Christopher Tanev        Alexander Edler          60     1   2  2  
 2 Matt Hunwick             Nick Holden              40     1   2  2  

4 vs 4 Forward 
   Center                   Wing                     Time % Phy DF OF 
 1 Sidney Crosby            Cam Atkinson             60     1   2  2  
 2 Bo Horvat                Alexander Ovechkin       40     1   2  2  

4 vs 4 Defense
   Defense                  Defense                  Time % Phy DF OF 
 1 Alexander Ovechkin       Alexander Edler          60     1   2  2  
 2 Sven Baertschi           Nick Holden              40     1   2  2  

Last Minutes Offensive
   Center                   Left Wing                Right Wing               Defense                  Defense                  
   Sidney Crosby            Patrick Eaves            Cam Atkinson             Alexander Ovechkin       Nick Holden              

Last Minutes Defensive
   Center                   Left Wing                Right Wing               Defense                  Defense                  
   Bo Horvat                Brandon Sutter           Cam Atkinson             Christopher Tanev        Alexander Edler          

Goaltenders
Starting : Jimmy Howard             
Backup : Braden Holtby            

Extra Forwards
Normal : Patrick Eaves, Alexander Ovechkin, Patrick Marleau - PP : Sven Baertschi, Sidney Crosby - PK : Cam Atkinson
Extra Defensemen
Normal : Troy Stecher, Clayton Stoner, Christopher Tanev - PP : Troy Stecher - PK : Clayton Stoner, Christopher Tanev
Penalty Shots
Sidney Crosby, Alexander Ovechkin, Cam Atkinson, Patrick Eaves, Patrick Marleau

Scratches
WPG CAP HIT (Suspend)

TORONTO

5 vs 5 Forward 
   Center                   Left Wing                Right Wing               Time % Phy DF OF 
 1 Mark Scheifele           Kevin Labanc             Brayden Point            35     1   2  2  
 2 Victor Rask              Drake Caggiula           Nino Niederreiter        30     1   2  2  
 3 Matt Hendricks           Ondrej Kase              Jarome Iginla            20     1   2  2  
 4 Pierre-Edouard Bellemare Ryan White               Ales Hemsky              15     1   2  2  

5 vs 5 Defense 
   Defense                  Defense                                           Time % Phy DF OF 
 1 Cody Franson             Joshua Morrissey                                  35     1   2  2  
 2 Olli Maatta              Jake Dotchin                                      30     1   2  2  
 3 Michal Kempny            Mark Borowiecki                                   25     1   2  2  
 4 Olli Maatta              Joshua Morrissey                                  10     1   2  2  

PowerPlay Forward 
   Center                   Left Wing                Right Wing               Time % Phy DF OF 
 1 Mark Scheifele           Nino Niederreiter        Brayden Point            60     1   2  2  
 2 Victor Rask              Matt Hendricks           Jarome Iginla            40     1   2  2  

PowerPlay Defense
   Defense                  Defense                                           Time % Phy DF OF 
 1 Jake Dotchin             Joshua Morrissey                                  60     1   2  2  
 2 Olli Maatta              Michal Kempny                                     40     1   2  2  

Penalty Kill 4 Players Forward 
   Center                   Wing                     Time % Phy DF OF 
 1 Pierre-Edouard Bellemare Matt Hendricks           60     1   2  2  
 2 Mark Scheifele           Ales Hemsky              40     1   2  2  

Penalty Kill 4 Players Defense
   Defense                  Defense                  Time % Phy DF OF 
 1 Joshua Morrissey         Jake Dotchin             60     1   2  2  
 2 Olli Maatta              Mark Borowiecki          40     1   2  2  

Penalty Kill - 3 Players Forward 
   Forward                                           Time % Phy DF OF 
 1 Pierre-Edouard Bellemare                          60     1   2  2  
 2 Matt Hendricks                                    40     1   2  2  

Penalty Kill - 3 Players Defense
   Defense                  Defense                  Time % Phy DF OF 
 1 Joshua Morrissey         Jake Dotchin             60     1   2  2  
 2 Olli Maatta              Mark Borowiecki          40     1   2  2  

4 vs 4 Forward 
   Center                   Wing                     Time % Phy DF OF 
 1 Mark Scheifele           Nino Niederreiter        60     1   2  2  
 2 Victor Rask              Pierre-Edouard Bellemare 40     1   2  2  

4 vs 4 Defense
   Defense                  Defense                  Time % Phy DF OF 
 1 Michal Kempny            Joshua Morrissey         60     1   2  2  
 2 Olli Maatta              Jake Dotchin             40     1   2  2  

Last Minutes Offensive
   Center                   Left Wing                Right Wing               Defense                  Defense                  
   Mark Scheifele           Nino Niederreiter        Brayden Point            Cody Franson             Joshua Morrissey         

Last Minutes Defensive
   Center                   Left Wing                Right Wing               Defense                  Defense                  
   Victor Rask              Pierre-Edouard Bellemare Matt Hendricks           Cody Franson             Olli Maatta              

Goaltenders
Starting : Michal Neuvirth          
Backup : Brian Elliott            

Extra Forwards
Normal : Nino Niederreiter, Drake Caggiula, Pierre-Edouard Bellemare - PP : Victor Rask, Drake Caggiula - PK : Matt Hendricks
Extra Defensemen
Normal : Michal Kempny, Jake Dotchin, Olli Maatta - PP : Michal Kempny - PK : Jake Dotchin, Olli Maatta
Penalty Shots
Mark Scheifele, Nino Niederreiter, Victor Rask, Matt Hendricks, Jarome Iginla

Scratches
Jan Rutta (Healthy), TOR Cap Hit (Healthy)

% Time on Ice - WINNIPEG

Lines # - Real PCT - Wanted PCT - Time Play
Normal Forward
1 - 33% - 35% - 13:22
2 - 26% - 30% - 10:18
3 - 20% - 25% - 7:55
4 - 21% - 10% - 8:35
Normal Defense
1 - 32% - 35% - 12:46
2 - 36% - 30% - 14:26
3 - 32% - 25% - 12:58
4 - 0% - 10% - 0:00
PP Forward
1 - 51% - 60% - 7:07
2 - 49% - 40% - 6:46
PP Defense
1 - 67% - 60% - 9:15
2 - 33% - 40% - 4:38
PK Forward
1 - 88% - 60% - 3:30
2 - 12% - 40% - 0:28
PK Defense
1 - 59% - 60% - 2:21
2 - 41% - 40% - 1:37
PK3 Forward
1 - 0% - 60%
2 - 0% - 40%
PK3 Defense
1 - 0% - 60%
2 - 0% - 40%
44 Forward
1 - 82% - 60% - 1:38
2 - 18% - 40% - 0:21
44 Defense
1 - 66% - 60% - 1:18
2 - 34% - 40% - 0:41
Last Minute Offensive  - 0:00
Last Minute Defensive  - 0:00
Total
Forward - 60:00
Defense - 60:00

% Time on Ice - TORONTO

Lines # - Real PCT - Wanted PCT - Time Play
Normal Forward
1 - 32% - 35% - 12:50
2 - 32% - 30% - 12:53
3 - 21% - 20% - 8:16
4 - 15% - 15% - 6:11
Normal Defense
1 - 36% - 35% - 14:35
2 - 32% - 30% - 12:46
3 - 30% - 25% - 12:08
4 - 2% - 10% - 0:41
PP Forward
1 - 54% - 60% - 2:08
2 - 46% - 40% - 1:50
PP Defense
1 - 63% - 60% - 2:30
2 - 37% - 40% - 1:28
PK Forward
1 - 67% - 60% - 9:22
2 - 33% - 40% - 4:31
PK Defense
1 - 53% - 60% - 7:18
2 - 47% - 40% - 6:35
PK3 Forward
1 - 0% - 60%
2 - 0% - 40%
PK3 Defense
1 - 0% - 60%
2 - 0% - 40%
44 Forward
1 - 58% - 60% - 1:09
2 - 42% - 40% - 0:50
44 Defense
1 - 59% - 60% - 1:10
2 - 41% - 40% - 0:49
Last Minute Offensive  - 0:00
Last Minute Defensive  - 0:00
Total
Forward - 60:00
Defense - 60:00

Play-by-Play

1st period


0:01 of 1st period - Mark Scheifele wins face-off versus Sidney Crosby in neutral zone.
0:15 of 1st period - Shot by Mark Scheifele.
0:15 of 1st period - Deflect By Brayden Point.
0:15 of 1st period - Shot Misses the Net.
0:17 of 1st period - Shot by Kevin Labanc.
0:17 of 1st period - Deflect By Mark Scheifele.
0:17 of 1st period - Stopped by Jimmy Howard without a rebound.
0:18 of 1st period - Victor Rask wins face-off versus Bo Horvat in WINNIPEG zone.
0:35 of 1st period - Shot by Nino Niederreiter.
0:35 of 1st period - Deflect By Victor Rask.
0:35 of 1st period - Shot Misses the Net.
0:37 of 1st period - Shot by Drake Caggiula.
0:37 of 1st period - Shot Misses the Net.
1:00 of 1st period - Bo Horvat is hit by Jake Dotchin and loses puck.
1:14 of 1st period - Sven Baertschi is hit by Olli Maatta and loses puck.
1:16 of 1st period - Minor Penalty to Jake Dotchin for Roughing.
1:17 of 1st period - Pierre-Edouard Bellemare wins face-off versus Sidney Crosby in TORONTO zone.
1:58 of 1st period - Shot by Mark Scheifele.
1:58 of 1st period - Shot Misses the Net.
3:46 of 1st period - Shot by Kevin Labanc.
3:46 of 1st period - Stopped by Jimmy Howard without a rebound.
3:47 of 1st period - Drake Caggiula wins face-off versus Sidney Crosby in WINNIPEG zone.
3:53 of 1st period - Icing by Christopher Tanev.
3:54 of 1st period - Sidney Crosby wins face-off versus Victor Rask in WINNIPEG zone.
3:54 of 1st period - Sidney Crosby is hit by Nino Niederreiter.
4:20 of 1st period - Shot by Sidney Crosby.
4:20 of 1st period - Shot Misses the Net.
4:22 of 1st period - Shot by Patrick Marleau.
4:22 of 1st period - Goal by Patrick Marleau - WINNIPEG : 1 - TORONTO : 0.
4:23 of 1st period - Nic Dowd wins face-off versus Matt Hendricks in neutral zone.
4:33 of 1st period - Matt Moulson is hit by Joshua Morrissey and loses puck.
5:29 of 1st period - Minor Penalty to Jake Dotchin for Slashing.
5:30 of 1st period - Sidney Crosby wins face-off versus Pierre-Edouard Bellemare in TORONTO zone.
5:43 of 1st period - Shot by Patrick Marleau.
5:43 of 1st period - Stopped by Michal Neuvirth without a rebound.
5:44 of 1st period - Mark Scheifele wins face-off versus Bo Horvat in TORONTO zone.
6:10 of 1st period - Shot by Pierre-Edouard Bellemare.
6:10 of 1st period - Deflect By Matt Hendricks.
6:10 of 1st period - Shot Misses the Net.
7:13 of 1st period - Shot by Sidney Crosby.
7:13 of 1st period - Stopped by Michal Neuvirth without a rebound.
7:14 of 1st period - Sidney Crosby wins face-off versus Pierre-Edouard Bellemare in TORONTO zone.
8:00 of 1st period - Shot by Drake Caggiula.
8:00 of 1st period - Stopped by Jimmy Howard without a rebound.
8:01 of 1st period - Brayden Point wins face-off versus Sidney Crosby in WINNIPEG zone.
8:16 of 1st period - Shot by Mark Scheifele.
8:16 of 1st period - Shot Misses the Net.
9:13 of 1st period - Shot by Ales Hemsky.
9:13 of 1st period - Stopped by Jimmy Howard with a rebound.
9:23 of 1st period - Shot by Christopher Tanev.
9:23 of 1st period - Stopped by Michal Neuvirth with a rebound.
9:25 of 1st period - Shot by Alexander Edler.
9:25 of 1st period - Stopped by Michal Neuvirth with a rebound.
9:27 of 1st period - Shot by Pierre-Alexandre Parenteau.
9:27 of 1st period - Shot Misses the Net.
10:12 of 1st period - Shot by Jarome Iginla.
10:12 of 1st period - Shot Blocked by Clayton Stoner.
10:25 of 1st period - Icing by Jake Dotchin.
10:26 of 1st period - Sidney Crosby wins face-off versus Matt Hendricks in TORONTO zone.
11:01 of 1st period - Shot by Cam Atkinson.
11:01 of 1st period - Shot Misses the Net.
11:17 of 1st period - Shot by Mark Scheifele.
11:17 of 1st period - Shot Misses the Net.
11:19 of 1st period - Shot by Brayden Point.
11:19 of 1st period - Stopped by Jimmy Howard without a rebound.
11:20 of 1st period - Victor Rask wins face-off versus Bo Horvat in WINNIPEG zone.
11:29 of 1st period - Shot by Drake Caggiula.
11:29 of 1st period - Shot Blocked by Alexander Edler.
11:31 of 1st period - Shot by Drake Caggiula.
11:31 of 1st period - Deflect By Victor Rask.
11:31 of 1st period - Shot Misses the Net.
11:33 of 1st period - Shot by Michal Kempny.
11:33 of 1st period - Stopped by Jimmy Howard without a rebound.
11:34 of 1st period - Brandon Sutter wins face-off versus Mark Scheifele in WINNIPEG zone.
12:04 of 1st period - Shot by Mark Scheifele.
12:04 of 1st period - Stopped by Jimmy Howard without a rebound.
12:05 of 1st period - Victor Rask wins face-off versus Alexander Ovechkin in WINNIPEG zone.
12:12 of 1st period - Shot by Nino Niederreiter.
12:12 of 1st period - Shot Hit the Post.
12:13 of 1st period - Minor Penalty to Nino Niederreiter for Tripping.
12:14 of 1st period - Pierre-Edouard Bellemare wins face-off versus Cam Atkinson in TORONTO zone.
12:23 of 1st period - Shot by Sidney Crosby.
12:23 of 1st period - Stopped by Michal Neuvirth with a rebound.
12:25 of 1st period - Shot by Cam Atkinson.
12:25 of 1st period - Stopped by Michal Neuvirth with a rebound.
12:39 of 1st period - Shot by Jake Dotchin.
12:39 of 1st period - Stopped by Jimmy Howard with a rebound.
13:02 of 1st period - Sidney Crosby is hit by Mark Borowiecki and loses puck.
13:40 of 1st period - Shot by Drake Caggiula.
13:40 of 1st period - Shot Misses the Net.
14:19 of 1st period - Matt Hunwick is hit by Joshua Morrissey.
14:43 of 1st period - Shot by Matt Moulson.
14:43 of 1st period - Stopped by Michal Neuvirth without a rebound.
14:44 of 1st period - Brandon Sutter wins face-off versus Matt Hendricks in TORONTO zone.
15:09 of 1st period - Shot by Jarome Iginla.
15:09 of 1st period - Stopped by Jimmy Howard with a rebound.
15:11 of 1st period - Shot by Matt Hendricks.
15:11 of 1st period - Stopped by Jimmy Howard without a rebound.
15:12 of 1st period - Pierre-Edouard Bellemare wins face-off versus Nic Dowd in WINNIPEG zone.
15:31 of 1st period - Shot by Pierre-Edouard Bellemare.
15:31 of 1st period - Shot Misses the Net.
16:21 of 1st period - Shot by Sven Baertschi.
16:21 of 1st period - Deflect By Pierre-Alexandre Parenteau.
16:21 of 1st period - Shot Misses the Net.
16:32 of 1st period - Olli Maatta is hit by Pierre-Alexandre Parenteau and loses puck.
16:36 of 1st period - Off-side.
16:37 of 1st period - Sidney Crosby wins face-off versus Mark Scheifele in neutral zone.
17:04 of 1st period - Shot by Cam Atkinson.
17:04 of 1st period - Stopped by Michal Neuvirth without a rebound.
17:05 of 1st period - Bo Horvat wins face-off versus Victor Rask in TORONTO zone.
17:06 of 1st period - Shot by Alexander Ovechkin.
17:06 of 1st period - Shot Misses the Net.
17:08 of 1st period - Shot by Nick Holden.
17:08 of 1st period - Stopped by Michal Neuvirth without a rebound.
17:09 of 1st period - Bo Horvat wins face-off versus Victor Rask in TORONTO zone.
17:35 of 1st period - Alexander Ovechkin is hit by Mark Borowiecki.
17:48 of 1st period - Icing by Michal Kempny.
17:49 of 1st period - Victor Rask wins face-off versus Sidney Crosby in TORONTO zone.
18:36 of 1st period - Shot by Sidney Crosby.
18:36 of 1st period - Shot Misses the Net.
18:59 of 1st period - Off-side.
19:00 of 1st period - Bo Horvat wins face-off versus Matt Hendricks in neutral zone.
Goals for this period are 1 for WINNIPEG vs 0 for TORONTO.
Shots for this period are 10 for WINNIPEG vs 10 for TORONTO.

2nd period


0:01 of 2nd period - Cam Atkinson wins face-off versus Victor Rask in neutral zone.
1:11 of 2nd period - Shot by Brayden Point.
1:11 of 2nd period - Shot Misses the Net.
1:13 of 2nd period - Shot by Mark Scheifele.
1:13 of 2nd period - Stopped by Jimmy Howard without a rebound.
1:14 of 2nd period - Bo Horvat wins face-off versus Matt Hendricks in WINNIPEG zone.
1:34 of 2nd period - Shot by Bo Horvat.
1:34 of 2nd period - Shot Misses the Net.
1:36 of 2nd period - Shot by Nick Holden.
1:36 of 2nd period - Shot Blocked by Jake Dotchin.
1:38 of 2nd period - Shot by Patrick Eaves.
1:38 of 2nd period - Goal by Patrick Eaves - WINNIPEG : 2 - TORONTO : 0.
1:39 of 2nd period - Mark Scheifele wins face-off versus Brandon Sutter in neutral zone.
2:06 of 2nd period - Shot by Brandon Sutter.
2:06 of 2nd period - Shot Hit the Post.
2:19 of 2nd period - Michal Kempny is hit by Brandon Sutter and loses puck.
3:01 of 2nd period - Minor Penalty to Joshua Morrissey for Roughing.
3:01 of 2nd period - Minor Penalty to Alexander Ovechkin for Holding.
3:02 of 2nd period - Sidney Crosby wins face-off versus Mark Scheifele in TORONTO zone.
3:13 of 2nd period - Shot by Nino Niederreiter.
3:13 of 2nd period - Stopped by Jimmy Howard without a rebound.
3:14 of 2nd period - Sidney Crosby wins face-off versus Nino Niederreiter in WINNIPEG zone.
3:33 of 2nd period - Shot by Nino Niederreiter.
3:33 of 2nd period - Shot Blocked by Alexander Edler.
3:35 of 2nd period - Shot by Jake Dotchin.
3:35 of 2nd period - Shot Misses the Net.
3:37 of 2nd period - Shot by Jake Dotchin.
3:37 of 2nd period - Stopped by Jimmy Howard without a rebound.
3:38 of 2nd period - Sidney Crosby wins face-off versus Nino Niederreiter in WINNIPEG zone.
3:57 of 2nd period - Shot by Nino Niederreiter.
3:57 of 2nd period - Goal by Nino Niederreiter - WINNIPEG : 2 - TORONTO : 1.
3:58 of 2nd period - Victor Rask wins face-off versus Sidney Crosby in neutral zone.
5:05 of 2nd period - Shot by Mark Scheifele.
5:05 of 2nd period - Shot Misses the Net.
5:33 of 2nd period - Shot by Jarome Iginla.
5:33 of 2nd period - Stopped by Jimmy Howard without a rebound.
5:34 of 2nd period - Mark Scheifele wins face-off versus Patrick Eaves in WINNIPEG zone.
5:37 of 2nd period - Shot by Mark Scheifele.
5:37 of 2nd period - Shot Blocked by Alexander Edler.
5:47 of 2nd period - Shot by Mark Scheifele.
5:47 of 2nd period - Stopped by Jimmy Howard with a rebound.
5:55 of 2nd period - Shot by Mark Scheifele.
5:55 of 2nd period - Shot Misses the Net.
5:57 of 2nd period - Shot by Kevin Labanc.
5:57 of 2nd period - Deflect By Mark Scheifele.
5:57 of 2nd period - Goal by Mark Scheifele - WINNIPEG : 2 - TORONTO : 2.
5:58 of 2nd period - Victor Rask wins face-off versus Sven Baertschi in neutral zone.
5:58 of 2nd period - Cody Franson is hit by Pierre-Alexandre Parenteau and loses puck.
7:19 of 2nd period - Shot by Mark Scheifele.
7:19 of 2nd period - Shot Misses the Net.
7:21 of 2nd period - Shot by Mark Scheifele.
7:21 of 2nd period - Shot Misses the Net.
7:23 of 2nd period - Shot by Kevin Labanc.
7:23 of 2nd period - Stopped by Jimmy Howard without a rebound.
7:24 of 2nd period - Pierre-Edouard Bellemare wins face-off versus Bo Horvat in WINNIPEG zone.
7:33 of 2nd period - Olli Maatta is hit by Alexander Ovechkin and loses puck.
7:37 of 2nd period - Icing by Olli Maatta.
7:38 of 2nd period - Pierre-Edouard Bellemare wins face-off versus Nic Dowd in TORONTO zone.
8:21 of 2nd period - Icing by Nick Holden.
8:22 of 2nd period - Nic Dowd wins face-off versus Mark Scheifele in WINNIPEG zone.
8:33 of 2nd period - Shot by Mark Scheifele.
8:33 of 2nd period - Stopped by Jimmy Howard without a rebound.
8:34 of 2nd period - Sidney Crosby wins face-off versus Victor Rask in WINNIPEG zone.
8:57 of 2nd period - Shot by Nino Niederreiter.
8:57 of 2nd period - Shot Misses the Net.
9:01 of 2nd period - Shot by Nino Niederreiter.
9:01 of 2nd period - Shot Blocked by Cam Atkinson.
9:03 of 2nd period - Shot by Joshua Morrissey.
9:03 of 2nd period - Goal by Joshua Morrissey - WINNIPEG : 2 - TORONTO : 3.
9:04 of 2nd period - Mark Scheifele wins face-off versus Bo Horvat in neutral zone.
9:08 of 2nd period - Minor Penalty to Mark Scheifele for Roughing.
9:09 of 2nd period - Bo Horvat wins face-off versus Pierre-Edouard Bellemare in TORONTO zone.
9:12 of 2nd period - Shot by Alexander Edler.
9:12 of 2nd period - Stopped by Michal Neuvirth without a rebound.
9:13 of 2nd period - Pierre-Edouard Bellemare wins face-off versus Sidney Crosby in TORONTO zone.
9:27 of 2nd period - Icing by Alexander Edler.
9:28 of 2nd period - Sidney Crosby wins face-off versus Pierre-Edouard Bellemare in WINNIPEG zone.
9:28 of 2nd period - Sidney Crosby is hit by Matt Hendricks.
9:37 of 2nd period - Alexander Ovechkin is hit by Jake Dotchin and loses puck.
9:52 of 2nd period - Shot by Alexander Ovechkin.
9:52 of 2nd period - Stopped by Michal Neuvirth without a rebound.
9:53 of 2nd period - Bo Horvat wins face-off versus Pierre-Edouard Bellemare in TORONTO zone.
10:06 of 2nd period - Olli Maatta is hit by Sven Baertschi and loses puck.
10:56 of 2nd period - Shot by Sidney Crosby.
10:56 of 2nd period - Shot Blocked by Mark Borowiecki.
11:19 of 2nd period - Shot by Brayden Point.
11:19 of 2nd period - Stopped by Jimmy Howard with a rebound.
11:21 of 2nd period - Shot by Joshua Morrissey.
11:21 of 2nd period - Goal by Joshua Morrissey - WINNIPEG : 2 - TORONTO : 4.
11:22 of 2nd period - Sidney Crosby wins face-off versus Victor Rask in neutral zone.
11:31 of 2nd period - Shot by Patrick Marleau.
11:31 of 2nd period - Stopped by Michal Neuvirth without a rebound.
11:31 of 2nd period - Minor Penalty to Michal Neuvirth for Slashing.
11:32 of 2nd period - Sidney Crosby wins face-off versus Pierre-Edouard Bellemare in TORONTO zone.
11:35 of 2nd period - Shot by Alexander Ovechkin.
11:35 of 2nd period - Stopped by Michal Neuvirth with a rebound.
12:05 of 2nd period - Shot by Sidney Crosby.
12:05 of 2nd period - Stopped by Michal Neuvirth with a rebound.
12:29 of 2nd period - Shot by Ales Hemsky.
12:29 of 2nd period - Stopped by Jimmy Howard with a rebound.
12:31 of 2nd period - Shot by Ales Hemsky.
12:31 of 2nd period - Stopped by Jimmy Howard without a rebound.
12:32 of 2nd period - Bo Horvat wins face-off versus Pierre-Edouard Bellemare in WINNIPEG zone.
12:59 of 2nd period - Shot by Sven Baertschi.
12:59 of 2nd period - Shot Misses the Net.
13:01 of 2nd period - Shot by Bo Horvat.
13:01 of 2nd period - Shot Blocked by Joshua Morrissey.
13:48 of 2nd period - Shot by Jannik Hansen.
13:48 of 2nd period - Stopped by Michal Neuvirth without a rebound.
13:49 of 2nd period - Brandon Sutter wins face-off versus Mark Scheifele in TORONTO zone.
14:14 of 2nd period - Shot by Sven Baertschi.
14:14 of 2nd period - Stopped by Michal Neuvirth without a rebound.
14:15 of 2nd period - Alexander Ovechkin wins face-off versus Victor Rask in TORONTO zone.
14:18 of 2nd period - Shot by Alexander Ovechkin.
14:18 of 2nd period - Deflect By Patrick Eaves.
14:18 of 2nd period - Shot Blocked by Joshua Morrissey.
14:20 of 2nd period - Shot by Bo Horvat.
14:20 of 2nd period - Stopped by Michal Neuvirth without a rebound.
14:21 of 2nd period - Victor Rask wins face-off versus Sidney Crosby in TORONTO zone.
14:21 of 2nd period - Victor Rask is hit by Patrick Marleau.
14:41 of 2nd period - Shot by Nino Niederreiter.
14:41 of 2nd period - Stopped by Jimmy Howard without a rebound.
14:42 of 2nd period - Bo Horvat wins face-off versus Mark Scheifele in WINNIPEG zone.
14:42 of 2nd period - Bo Horvat is hit by Brayden Point.
15:03 of 2nd period - Shot by Mark Scheifele.
15:03 of 2nd period - Shot Misses the Net.
15:20 of 2nd period - Minor Penalty to Alexander Edler for Hooking.
15:21 of 2nd period - Brandon Sutter wins face-off versus Victor Rask in WINNIPEG zone.
15:21 of 2nd period - Brandon Sutter is hit by Jarome Iginla.
16:24 of 2nd period - Icing by Michal Kempny.
16:25 of 2nd period - Mark Scheifele wins face-off versus Brandon Sutter in TORONTO zone.
16:27 of 2nd period - Icing by Brayden Point.
16:28 of 2nd period - Brandon Sutter wins face-off versus Brayden Point in TORONTO zone.
16:53 of 2nd period - Shot by Olli Maatta.
16:53 of 2nd period - Stopped by Jimmy Howard without a rebound.
16:54 of 2nd period - Victor Rask wins face-off versus Brandon Sutter in WINNIPEG zone.
17:17 of 2nd period - Shot by Jarome Iginla.
17:17 of 2nd period - Shot Misses the Net.
17:19 of 2nd period - Shot by Victor Rask.
17:19 of 2nd period - Stopped by Jimmy Howard without a rebound.
17:20 of 2nd period - Sidney Crosby wins face-off versus Pierre-Edouard Bellemare in WINNIPEG zone.
17:28 of 2nd period - Shot by Cam Atkinson.
17:28 of 2nd period - Stopped by Michal Neuvirth without a rebound.
17:29 of 2nd period - Sidney Crosby wins face-off versus Mark Scheifele in TORONTO zone.
17:58 of 2nd period - Shot by Sidney Crosby.
17:58 of 2nd period - Stopped by Michal Neuvirth without a rebound.
17:59 of 2nd period - Bo Horvat wins face-off versus Victor Rask in TORONTO zone.
18:07 of 2nd period - Off-side.
18:08 of 2nd period - Patrick Eaves wins face-off versus Victor Rask in neutral zone.
18:15 of 2nd period - Icing by Cody Franson.
18:16 of 2nd period - Victor Rask wins face-off versus Sidney Crosby in TORONTO zone.
18:16 of 2nd period - Victor Rask is hit by Sidney Crosby.
18:40 of 2nd period - Shot by Nino Niederreiter.
18:40 of 2nd period - Stopped by Jimmy Howard without a rebound.
18:40 of 2nd period - Minor Penalty to Alexander Edler for Hooking.
18:41 of 2nd period - Mark Scheifele wins face-off versus Brandon Sutter in WINNIPEG zone.
19:18 of 2nd period - Shot by Nino Niederreiter.
19:18 of 2nd period - Shot Misses the Net.
19:20 of 2nd period - Shot by Olli Maatta.
19:20 of 2nd period - Stopped by Jimmy Howard without a rebound.
19:21 of 2nd period - Brandon Sutter wins face-off versus Victor Rask in WINNIPEG zone.
19:21 of 2nd period - Brandon Sutter is hit by Matt Hendricks.
Goals for this period are 1 for WINNIPEG vs 4 for TORONTO.
Shots for this period are 11 for WINNIPEG vs 19 for TORONTO.

3rd period


0:01 of 3rd period - Brandon Sutter wins face-off versus Mark Scheifele in neutral zone.
0:34 of 3rd period - Shot by Brayden Point.
0:34 of 3rd period - Shot Blocked by Christopher Tanev.
1:08 of 3rd period - Shot by Patrick Marleau.
1:08 of 3rd period - Shot Misses the Net.
2:50 of 3rd period - Shot by Patrick Eaves.
2:50 of 3rd period - Shot Misses the Net.
2:52 of 3rd period - Shot by Alexander Edler.
2:52 of 3rd period - Shot Blocked by Kevin Labanc.
2:54 of 3rd period - Shot by Christopher Tanev.
2:54 of 3rd period - Shot Blocked by Brayden Point.
2:56 of 3rd period - Shot by Christopher Tanev.
2:56 of 3rd period - Deflect By Alexander Ovechkin.
2:56 of 3rd period - Shot Blocked by Jake Dotchin.
3:39 of 3rd period - Victor Rask is hit by Clayton Stoner.
4:11 of 3rd period - Shot by Brandon Sutter.
4:11 of 3rd period - Stopped by Michal Neuvirth with a rebound.
4:18 of 3rd period - Mark Borowiecki is hit by Clayton Stoner and loses puck.
4:47 of 3rd period - Matt Hunwick is hit by Matt Hendricks and loses puck.
5:10 of 3rd period - Shot by Mark Scheifele.
5:10 of 3rd period - Shot Blocked by Clayton Stoner.
5:46 of 3rd period - Alexander Ovechkin is hit by Drake Caggiula and loses puck.
7:25 of 3rd period - Icing by Cody Franson.
7:26 of 3rd period - Matt Hendricks wins face-off versus Sidney Crosby in TORONTO zone.
7:43 of 3rd period - Shot by Patrick Marleau.
7:43 of 3rd period - Shot Misses the Net.
7:55 of 3rd period - Off-side.
7:56 of 3rd period - Patrick Eaves wins face-off versus Mark Scheifele in neutral zone.
8:00 of 3rd period - Bo Horvat is hit by Michal Kempny and loses puck.
8:14 of 3rd period - Icing by Michal Kempny.
8:15 of 3rd period - Sidney Crosby wins face-off versus Mark Scheifele in TORONTO zone.
8:16 of 3rd period - Shot by Patrick Marleau.
8:16 of 3rd period - Stopped by Michal Neuvirth without a rebound.
8:17 of 3rd period - Victor Rask wins face-off versus Sidney Crosby in TORONTO zone.
8:48 of 3rd period - Shot by Drake Caggiula.
8:48 of 3rd period - Stopped by Jimmy Howard without a rebound.
8:49 of 3rd period - Bo Horvat wins face-off versus Mark Scheifele in WINNIPEG zone.
9:02 of 3rd period - Shot by Patrick Eaves.
9:02 of 3rd period - Stopped by Michal Neuvirth with a rebound.
9:07 of 3rd period - Mark Scheifele is hit by Alexander Edler and loses puck.
9:20 of 3rd period - Shot by Mark Scheifele.
9:20 of 3rd period - Shot Blocked by Christopher Tanev.
9:22 of 3rd period - Shot by Michal Kempny.
9:22 of 3rd period - Shot Misses the Net.
9:24 of 3rd period - Shot by Michal Kempny.
9:24 of 3rd period - Shot Blocked by Patrick Eaves.
9:26 of 3rd period - Shot by Michal Kempny.
9:26 of 3rd period - Shot Misses the Net.
9:28 of 3rd period - Shot by Brayden Point.
9:28 of 3rd period - Stopped by Jimmy Howard without a rebound.
9:29 of 3rd period - Sidney Crosby wins face-off versus Victor Rask in WINNIPEG zone.
10:30 of 3rd period - Minor Penalty to Olli Maatta for Tripping.
10:31 of 3rd period - Bo Horvat wins face-off versus Pierre-Edouard Bellemare in TORONTO zone.
10:36 of 3rd period - Shot by Bo Horvat.
10:36 of 3rd period - Shot Blocked by Jake Dotchin.
10:38 of 3rd period - Shot by Patrick Eaves.
10:38 of 3rd period - Stopped by Michal Neuvirth with a rebound.
10:40 of 3rd period - Shot by Patrick Eaves.
10:40 of 3rd period - Shot Misses the Net.
11:02 of 3rd period - Shot by Alexander Ovechkin.
11:02 of 3rd period - Stopped by Michal Neuvirth without a rebound.
11:03 of 3rd period - Sidney Crosby wins face-off versus Pierre-Edouard Bellemare in TORONTO zone.
11:12 of 3rd period - Shot by Nick Holden.
11:12 of 3rd period - Shot Misses the Net.
11:20 of 3rd period - Shot by Troy Stecher.
11:20 of 3rd period - Stopped by Michal Neuvirth with a rebound.
11:22 of 3rd period - Shot by Sidney Crosby.
11:22 of 3rd period - Deflect By Cam Atkinson.
11:22 of 3rd period - Stopped by Michal Neuvirth without a rebound.
11:23 of 3rd period - Mark Scheifele wins face-off versus Bo Horvat in TORONTO zone.
13:10 of 3rd period - Icing by Matt Moulson.
13:11 of 3rd period - Nic Dowd wins face-off versus Mark Scheifele in WINNIPEG zone.
13:13 of 3rd period - Icing by Jannik Hansen.
13:14 of 3rd period - Kevin Labanc wins face-off versus Nic Dowd in WINNIPEG zone.
13:17 of 3rd period - Shot by Brayden Point.
13:17 of 3rd period - Deflect By Mark Scheifele.
13:17 of 3rd period - Shot Misses the Net.
13:34 of 3rd period - Shot by Brayden Point.
13:34 of 3rd period - Shot Blocked by Matt Hunwick.
13:42 of 3rd period - Shot by Mark Scheifele.
13:42 of 3rd period - Shot Misses the Net.
14:12 of 3rd period - Off-side.
14:13 of 3rd period - Victor Rask wins face-off versus Bo Horvat in neutral zone.
14:20 of 3rd period - Shot by Drake Caggiula.
14:20 of 3rd period - Shot Blocked by Troy Stecher.
14:46 of 3rd period - Shot by Alexander Ovechkin.
14:46 of 3rd period - Shot Hit the Post.
15:05 of 3rd period - Minor Penalty to Matt Hendricks for Hooking.
15:06 of 3rd period - Pierre-Edouard Bellemare wins face-off versus Sidney Crosby in TORONTO zone.
15:24 of 3rd period - Off-side.
15:25 of 3rd period - Sidney Crosby wins face-off versus Pierre-Edouard Bellemare in neutral zone.
15:30 of 3rd period - Shot by Cam Atkinson.
15:30 of 3rd period - Stopped by Michal Neuvirth without a rebound.
15:31 of 3rd period - Pierre-Edouard Bellemare wins face-off versus Sidney Crosby in TORONTO zone.
15:45 of 3rd period - Shot by Sidney Crosby.
15:45 of 3rd period - Stopped by Michal Neuvirth without a rebound.
15:46 of 3rd period - Pierre-Edouard Bellemare wins face-off versus Bo Horvat in TORONTO zone.
16:01 of 3rd period - Shot by Alexander Ovechkin.
16:01 of 3rd period - Stopped by Michal Neuvirth without a rebound.
16:02 of 3rd period - Pierre-Edouard Bellemare wins face-off versus Sidney Crosby in TORONTO zone.
16:02 of 3rd period - Pierre-Edouard Bellemare is hit by Sidney Crosby.
16:18 of 3rd period - Shot by Patrick Marleau.
16:18 of 3rd period - Stopped by Michal Neuvirth without a rebound.
16:19 of 3rd period - Bo Horvat wins face-off versus Pierre-Edouard Bellemare in TORONTO zone.
16:30 of 3rd period - Shot by Alexander Ovechkin.
16:30 of 3rd period - Shot Misses the Net.
17:19 of 3rd period - Shot by Nick Holden.
17:19 of 3rd period - Stopped by Michal Neuvirth without a rebound.
17:20 of 3rd period - Mark Scheifele wins face-off versus Nic Dowd in TORONTO zone.
17:20 of 3rd period - Joshua Morrissey is hit by Jannik Hansen and loses puck.
17:55 of 3rd period - Shot by Matt Moulson.
17:55 of 3rd period - Stopped by Michal Neuvirth without a rebound.
17:56 of 3rd period - Sidney Crosby wins face-off versus Victor Rask in TORONTO zone.
17:57 of 3rd period - Shot by Cam Atkinson.
17:57 of 3rd period - Shot Misses the Net.
18:02 of 3rd period - Victor Rask is hit by Sidney Crosby and loses puck.
19:22 of 3rd period - Sven Baertschi is hit by Olli Maatta and loses puck.
19:45 of 3rd period - Shot by Mark Scheifele.
19:45 of 3rd period - Stopped by Jimmy Howard without a rebound.
19:46 of 3rd period - Bo Horvat wins face-off versus Pierre-Edouard Bellemare in WINNIPEG zone.
19:58 of 3rd period - Shot by Patrick Eaves.
19:58 of 3rd period - Shot Misses the Net.
Goals for this period are 0 for WINNIPEG vs 0 for TORONTO.
Shots for this period are 13 for WINNIPEG vs 3 for TORONTO.